 Dungeon Crawl Stone Soup version 0.20-a0-736-gd3249da (webtiles) character file.

47 Kiturien the Gusty (level 3, 0/19 HPs)
             Began as a Tengu Air Elementalist on Feb 22, 2017.
             Killed from afar by Sigmund (13 damage)
             ... with a puff of flame
             ... on level 2 of the Dungeon.
             The game lasted 00:07:36 (1337 turns).

Kiturien the Gusty (Tengu Air Elementalist)         Turns: 1337, Time: 00:07:36

Health: 0/19       AC:  3    Str:  8    XL:     3   Next: 70%
Magic:  2/8        EV: 13    Int: 16    God:
Gold:   57         SH:  0    Dex: 14    Spells: 7/8 levels left

rFire    . . .     SeeInvis .   l - staff of death
rCold    . . .     Gourm    .   a - +0 robe
rNeg     + . .     Faith    .   (no shield)
rPois    .         Spirit   .   (helmet restricted)
rElec    .         Reflect  .   j - +0 cloak
rCorr    .         Harm     .   (no gloves)
MR       +....                  (boots unavailable)
Stlth    ++........             (no amulet)
Regen    0.1/turn               (no ring)
MPRegen  0.2/turn               g - ring of protection from magic

@: no status effects
A: beak, talons 3
a: no special abilities


You were on level 2 of the Dungeon.
You were hungry.

You visited 1 branch of the dungeon, and saw 2 of its levels.

You collected 57 gold pieces.

Inventory:

Armour
 a - a +0 robe (worn)
 j - a +0 cloak (worn)
Magical Staves
 l - an uncursed staff of death (weapon)
Jewellery
 g - a ring of protection from magic (left hand)
Wands
 k - a wand of paralysis (11/24)
Scrolls
 e - 5 scrolls of remove curse {unknown}
 f - 3 scrolls of identify {unknown}
 i - 2 scrolls of teleportation {unknown}
 m - a scroll of magic mapping {unknown}
Books
 b - a book of Air

   Spells                             Type                      Level
   a - Shock                          Conjuration/Air              1
   b - Swiftness                      Charms/Air                   2
   c - Static Discharge               Conjuration/Air              3
   d - Airstrike                      Air                          4
   e - Lightning Bolt                 Conjuration/Air              5
Comestibles
 c - a bread ration
 h - a royal jelly


   Skills:
 - Level 2.3 Dodging
 - Level 2.0 Stealth
 + Level 3.4 Spellcasting
 - Level 1.3 Conjurations
 - Level 4.2 Air Magic


You had 7 spell levels left.
You knew the following spells:

 Your Spells              Type           Power        Failure   Level  Hunger
a - Shock                 Conj/Air       ##..         8%          1    None


Dungeon Overview and Level Annotations

Branches:
Dungeon (2/15)

Altars:

Annotations:
D:2 Sigmund


Innate Abilities, Weirdness & Mutations

You have a beak for a mouth.
You have claws for feet.


Message History

Sigmund closely misses you.
Casting: Shock
Confirm with . or Enter, or press ? or * to list all spells.
Aiming: Shock
Press: ? - help, Shift-Dir - straight line, f/p - Sigmund
Aim: Sigmund, wielding a scythe and wearing a robe (lightly wounded)
The zap misses Sigmund.
Casting: Shock
Confirm with . or Enter, or press ? or * to list all spells.
Aiming: Shock
Press: ? - help, Shift-Dir - straight line, f/p - Sigmund
Aim: Sigmund, wielding a scythe and wearing a robe (lightly wounded)
The zap hits Sigmund.
Sigmund is moderately wounded.
Sigmund points at you and mumbles some strange words.
The puff of flame hits you!
Sigmund points at you and mumbles some strange words.
The puff of flame hits you!
Ouch! That really hurt!
You die...

#....## ####...#.............>
###...### #........)...(.....
###...# #.###.............. ###.#
###..........).......
#####{####....................
#..........#..#...............
#..##..#####..#.....>...#..... .#
##. ##...#....#@...#####..##.#
..###.#####.....@....## ##.....#
.........##......#########..###.#
.........##......# #.....####.รท
..[..............# #.######....
.........####....# ##.# ###....
#......g...##....####..####).....
#.w....<...##...............#....
##########............#######....
#......................#


You could see Sigmund.

Vanquished Creatures
  2 adders (D:2)
  A worm (D:2)
  A dart slug (D:1)
  A ball python (D:1)
  3 bats (D:1)
  3 giant cockroaches (D:1)
  3 goblins
  5 hobgoblins
  A kobold (D:1)
  3 rats
23 creatures vanquished.

Notes
Turn   | Place    | Note
-------+----------+-------------------------------------------
     0 | D:1      | Kiturien the Tengu Air Elementalist began the quest for the Orb.
     0 | D:1      | Reached XP level 1. HP: 10/10 MP: 4/4
     0 | D:1      | Noticed an ice dragon
     2 | D:1      | Noticed a large abomination
     4 | D:1      | Noticed a shadow dragon
     6 | D:1      | Noticed an orb of fire
     9 | D:1      | Noticed a red draconian
    11 | D:1      | Noticed a tentacled monstrosity
    11 | D:1      | Noticed a large abomination
    13 | D:1      | Noticed a tentacled monstrosity
    13 | D:1      | Noticed an ice dragon
    15 | D:1      | Noticed an orb of fire
    15 | D:1      | Noticed a shadow dragon
    15 | D:1      | Noticed an orb of fire
    17 | D:1      | Noticed an orb of fire
    17 | D:1      | Noticed an ice dragon
    19 | D:1      | Noticed a red draconian
    21 | D:1      | Noticed an orb of fire
   244 | D:1      | Reached XP level 2. HP: 15/15 MP: 4/6
   657 | D:2      | Reached XP level 3. HP: 19/19 MP: 0/8
   914 | D:2      | Noticed Sigmund
  1337 | D:2      | Killed from afar by Sigmund

Vault maps used:
D:1:      shiori_arrival_whats_in_store_for_you, corexii_leaking_fountain
D:2:      uniq_sigmund

Skill      XL: |  1  2 |
---------------+-------+-----
Spellcasting   | 3 |  3.4
Dodging        | |  2.3
Stealth        | |  2.0
Conjurations   | |  1.3
Air Magic      | |  4.2

Action                   || total
-------------------------++-------
Melee: Unarmed           ||     8
       Peck              ||     2
       Kick              ||     2
       Staff             ||     3
 Cast: Shock             ||    64
  Eat: Chunk             ||     1
Armor: Robe              ||     9
Dodge: Dodged            ||    14
